 Dungeon Crawl Stone Soup version 0.28.0-53-g5a82cb258f (webtiles) character file.

Game seed: 13223002925758142253

25 Descartes the Ducker (level 2, -1/14 HPs)
             Began as a Felid Monk on June 29, 2022.
             Slain by a jackal (3 damage)
             ... on level 2 of the Dungeon.
             The game lasted 00:01:00 (1019 turns).

Descartes the Ducker (Felid Monk)                   Turns: 1019, Time: 00:01:00

Health: -1/14      AC:  1    Str:  7    XL:     2   Next: 86%
Magic:  3/3        EV: 19    Int: 11    God:
Gold:   35         SH:  0    Dex: 18    Spells: 1/1 levels left
                                        Lives:  0   Deaths: 0

rFire   . . .      SeeInvis +     - Unarmed
rCold   . . .      Faith    .   (shield unavailable)
rNeg    . . .      Spirit   .   (armour unavailable)
rPois   .          Reflect  .   (helmet unavailable)
rElec   .          Harm     .   (cloak unavailable)
rCorr   .          Rampage  .   (gloves unavailable)
Will    .....                   (boots unavailable)
Stlth   +++.......              (no amulet)
HPRegen 0.04/turn               (no ring)
MPRegen 0.08/turn               (no ring)

@: quick
A: very small, claws 1, fangs 3, see invisible, speed 1, shaggy fur 1, stealthy
paws, no weapons or thrown items, no armour, multi-lived
a: no special abilities


You were on level 2 of the Dungeon.
You visited 1 branch of the dungeon, and saw 2 of its levels.

You collected 35 gold pieces.

Inventory:

Scrolls
 b - a scroll of blinking {unknown}
 e - a scroll of teleportation {unknown}
 f - a scroll of identify {unknown}
 h - a scroll of holy word {unknown}
Potions
 a - 2 potions of heal wounds {unknown}
 c - a potion of flight {unknown}
 d - a potion of berserk rage {unknown}
 g - a potion of ambrosia {unknown}
 i - a potion of mutation {unknown}


   Skills:
 + Level 3.3 Fighting
 + Level 4.4 Dodging
 + Level 3.3 Stealth
 + Level 3.2 Unarmed Combat


You had one spell level left.
You didn't know any spells.
Your spell library was empty.

Dungeon Overview and Level Annotations

Branches:
Dungeon (2/15)

Altars:


Innate Abilities, Weirdness & Mutations

You have sharp claws.
You have razor-sharp teeth.
You have supernaturally acute eyesight. (SInv)
You cover ground quickly. (Speed+)
You are covered in fur. (AC +1)
Your paws help you pounce on unaware monsters.
You are incapable of wielding weapons or throwing items.
You cannot wear armour.
You gain extra lives every three experience levels.


Message History

The bat misses you. The jackal closely misses you.
The hobgoblin closely misses you. The jackal completely misses you.
You barely miss the bat. The bat completely misses you.
The hobgoblin barely misses you. The jackal misses you.
You scratch the bat but do no damage. Your bite misses the bat.
The bat hits you but does no damage. The jackal misses you.
The bat closely misses you. The hobgoblin hits you.
You closely miss the bat. The bat misses you. The bat closely misses you.
The jackal bites you. The hobgoblin completely misses you.
The jackal closely misses you.
You claw the bat!
You kill the bat!
The jackal misses you. The hobgoblin barely misses you.
You barely miss the jackal. The jackal barely misses you.
The hobgoblin closely misses you.
You closely miss the jackal. Your claw misses the jackal.
The jackal misses you. The frilled lizard closely misses you.
The hobgoblin closely misses you. The jackal bites you.
You are too injured to fight recklessly!
You are too injured to fight recklessly!
You are too injured to fight recklessly!
You are too injured to fight recklessly!
You are too injured to fight recklessly!
You are too injured to fight recklessly!
You are too injured to fight recklessly!
The hobgoblin barely misses you. The hobgoblin barely misses you.
You scratch the frilled lizard.
You kill the frilled lizard!
The jackal closely misses you.
You see here a frilled lizard corpse.
You closely miss the jackal. The jackal barely misses you.
You closely miss the jackal. The jackal bites you.
* * * LOW HITPOINT WARNING * * *
You closely miss the jackal. The jackal barely misses you.
The jackal completely misses you.
You barely miss the jackal. The jackal bites you.
* * * LOW HITPOINT WARNING * * *
You barely miss the jackal. The jackal barely misses you. The jackal bites you.
You die...

#.# #.# #.##
#######.. ......†.#
#h######. ..#
#........
##.#########.######.
...##.....@hg#
#..##)########
#..##.# # #..##.# #
###..##.# #
#....##.#
...#.......#
#...>....####
..#....#.#


You could see a jackal and a hobgoblin.

Vanquished Creatures
  A ball python (D:1)
  2 bats (D:2)
  2 goblins
  3 hobgoblins (D:1)
  6 jackals
  A quokka (D:2)
  2 frilled lizards
  3 kobolds
  2 rats (D:1)
22 creatures vanquished.

Notes
Turn   | Place    | Note
-------+----------+-------------------------------------------
     0 | D:1      | Descartes the Felid Monk began the quest for the Orb.
     0 | D:1      | Reached XP level 1. HP: 10/10 MP: 2/2
   274 | D:1      | Reached XP level 2. HP: 14/14 MP: 3/3
  1019 | D:2      | Slain by a jackal

Illustrated notes

Levels and vault maps discovered:
D:1:      beargit_arrival_greenhouse, layout_basic, item_on_display_b
D:2:      layout_loops_ring, kennysheep_cross_bottleneck

Skill      XL: |  1 |
---------------+----+-----
Stealth        | 3 |  3.3
Fighting       | |  3.3
Dodging        | |  4.4
Unarmed Combat | |  3.2

Action                   || total
-------------------------++-------
Melee: Unarmed           ||    53
       Bite              ||     6
       Punch             ||     1
 Stab: Sleeping          ||     6
Armor: Skin              ||     5
Dodge: Dodged            ||    62
